 Dungeon Crawl Stone Soup version 0.31-a0-876-gfe8ebadbca (webtiles) character file.

Game seed: 4834846580147522306

6424 Bnni the Zephyrmancer (level 10, -5/60 HPs)
             Began as a Tengu Air Elementalist on Oct 14, 2023.
             Was a Follower of Vehumet.
             Slain by Duvessa
             ... wielding the +8 quick blade "Gyre" {protect}
              (6 damage)
             ... on level 7 of the Dungeon.
             The game lasted 00:32:28 (10186 turns).

Bnni the Zephyrmancer (Tengu Air Elementalist)     Turns: 10186, Time: 00:32:29

Health: -5/60      AC:  4    Str:  9    XL:     10   Next: 98%
Magic:  18/19      EV: 18    Int: 21    God:    Vehumet [*.....]
Gold:   498        SH:  0    Dex: 15    Spells: 12/20 levels left

rFire   + + .        i - +4 hand axe "Newt's Regret" {venom, Int+2}
rCold   + + +        O - orb {*channel}
rNeg    + . .        F - +2 leather armour {rC+}
rPois   +            E - -2 hat of the Alchemist {rElec rPois rF+ rC+ rN+ Will+ rMut rCorr}
rElec   +            L - +0 cloak
rCorr   +            (no gloves)
SInv    .            (boots unavailable)
Will    +....        t - amulet of faith
Stlth   ++           m - ring of protection from cold
HPRegen 0.30/turn    N - ring of protection from fire
MPRegen 0.16/turn

%: acrobat, resist mutation, faith, channel magic (20%)
@: sluggish, flying, very slow
A: beak, talons 3, evasive flight, acrobatic
a: Renounce Religion


You were on level 7 of the Dungeon.
You worshipped Vehumet.
Vehumet was aware of your devotion.
You visited 2 branches of the dungeon, and saw 9 of its levels.
You also visited: Sewer and Bailey.

You collected 498 gold pieces.

Inventory:

Hand Weapons
 i - the +4 hand axe "Newt's Regret" (weapon) {venom, Int+2}
   (You found it on level 8 of the Dungeon)

   Int+2:     It affects your intelligence (+2).
 x - a +1 falchion of electrocution
Missiles
 k - 20 poisoned darts
 n - 2 throwing nets
Armour
 E - the -2 hat of the Alchemist (worn) {rElec rPois rF+ rC+ rN+ Will+ rMut rCorr}
   (You acquired it on level 5 of the Dungeon)

   rF+:       It protects you from fire.
   rC+:       It protects you from cold.
   rElec:     It insulates you from electricity.
   rPois:     It protects you from poison rN+: It protects you from negative
   energy.
   Will+:     It increases your willpower.
   rCorr:     It protects you from acid and corrosion.
   rMut:      It protects you from mutation.
 F - a +2 leather armour of cold resistance (worn)
 L - a +0 cloak (worn)
 O - an orb of energy (worn)
Jewellery
 m - a ring of protection from cold (left hand)
 t - an amulet of faith (around neck)
 u - a ring of fire
 K - an amulet of reflection
 N - a ring of protection from fire (right hand)
Wands
 v - a wand of paralysis (19)
 J - a wand of digging (3)
Scrolls
 c - 2 scrolls of enchant weapon {unknown}
 g - 5 scrolls of blinking
 j - a scroll of enchant armour
 l - 3 scrolls of poison {unknown}
 o - a scroll of immolation {unknown}
 q - 2 scrolls of amnesia {unknown}
 r - 3 scrolls of teleportation
 y - a scroll of butterflies {unknown}
 D - a scroll of fog {unknown}
 H - 2 scrolls of revelation {unknown}
 I - a scroll of noise {unknown}
 M - a scroll of vulnerability {unknown}
Potions
 a - a potion of haste {unknown}
 b - a potion of magic
 d - 4 potions of enlightenment
 e - a potion of cancellation {unknown}
 f - 5 potions of heal wounds
 h - 7 potions of curing
 p - a potion of lignification {unknown}
 s - 2 potions of attraction {unknown}
 w - a potion of mutation {unknown}
 z - 2 potions of degeneration {unknown}
 A - 2 potions of invisibility {unknown}
 B - 2 potions of resistance {unknown}
 C - 2 potions of might {unknown}
Miscellaneous
 G - a phantom mirror (inert)


   Skills:
 + Level 6.1 Fighting
 + Level 1.8 Armour
 + Level 6.7 Dodging
 - Level 2.0 Stealth
 + Level 5.8 Spellcasting
 * Level 11.4 Conjurations
 * Level 12.0 Air Magic


You had 12 spell levels left.
You knew the following spells:

 Your Spells              Type           Power      Damage    Failure   Level
a - Shock                 Conj/Air       100%       1d9       1%          1
d - Airstrike             Air            27%        2d(4-20)  4%          4
s - Swiftness             Air            54%        N/A       2%          3

Your spell library contained the following spells:

 Spells                   Type           Power      Damage    Failure   Level
 Freeze                   Ice            24%        1d4       32%         1
 Static Discharge         Conj/Air       100%       2-7/arc   1%          2
 Stone Arrow              Conj/Erth      60%        3d10      12%         3
 Brom's Barrelling Bould  Conj/Erth      30%        2d5       30%         4
 Sandblast                Erth           12%        2d6       32%         1
 Passwall                 Tmut/Erth      5%         N/A       41%         2
 Tukima's Dance           Hex            6%         N/A       61%         3
 Passage of Golubria      Tloc           6%         N/A       92%         4
 Yara's Violent Unravell  Hex/Tmut       3%         3d4       99%         5


Dungeon Overview and Level Annotations

Branches:
Dungeon (8/15)             Temple (1/1) D:5           Sewer (visited)
 Bailey (visited)
   Lair: D:8-11

Altars:
Ashenzari
Dithmenos
Elyvilon
Fedhas
Gozag
Hepliaklqana
Kikubaaqudgha
Makhleb
Nemelex Xobeh
Okawaru
Qazlal
Ru
Trog
Uskayaw
Vehumet
Wu Jian
Xom
Yredelemnul
Zin
The Shining One

Shops:
D:3 :   D:6 (

Annotations:
D:5 3 runed translucent doors, Opifex's ghost, novice FoHu
D:7 Dowan; Duvessa


Innate Abilities, Weirdness & Mutations

You have a beak for a mouth.
You have claws for feet.
Your magical flight helps you evade attacks. (EV +4)
You can magically evade attacks while moving or waiting.


Message History

Duvessa attacks as she pursues you! Duvessa completely misses you. x3
Duvessa misses you.
Duvessa hits you with the +8 quick blade "Gyre" {protect}!
Duvessa hits you with the +8 quick blade "Gimble" {protect}!
Duvessa hits you with the +8 quick blade "Gyre" {protect}!
Duvessa misses you.
Throw: 4 throwing nets
Press: ? - help, Shift-Dir - straight line, f/p - Duvessa
Aim: Duvessa, wielding the +8 pair of quick blades "Gyre" and "Gimble" {protect}, wearing a +0 leather armour and carrying a wand of quicksilver (fast, 63% to hit)
You throw a throwing net. The throwing net hits Duvessa.
Duvessa is caught in the net!
Duvessa struggles against the net.
Duvessa zaps a wand.
The bolt of dispelling energy hits you.
Your magical effects are unravelling.
* * * LOW HITPOINT WARNING * * *
Duvessa struggles against the net.
You feel sluggish.
You feel much better.
Duvessa struggles against the net. x2
The net rips apart, and Duvessa comes free!
Duvessa zaps a wand.
The bolt of dispelling energy misses you.
Aiming: Paralyse
Press: ? - help, Shift-Dir - straight line, f/p - Duvessa
Aim: Duvessa, wielding the +8 pair of quick blades "Gyre" and "Gimble" {protect}, wearing a +0 leather armour and carrying a wand of quicksilver (fast, chance to affect: 31%)
Okay, then.
Okay, then.
Throw: 3 throwing nets
Press: ? - help, Shift-Dir - straight line, f/p - Duvessa
Aim: Duvessa, wielding the +8 pair of quick blades "Gyre" and "Gimble" {protect}, wearing a +0 leather armour and carrying a wand of quicksilver (fast, 63% to hit)
You throw a throwing net. The throwing net barely misses Duvessa.
Duvessa hits you with the +8 quick blade "Gyre" {protect}.
Duvessa hits you with the +8 quick blade "Gimble" {protect}!
Duvessa hits you with the +8 quick blade "Gyre" {protect}.
Duvessa closely misses you.
Duvessa hits you with the +8 quick blade "Gyre" {protect}!
* * * LOW HITPOINT WARNING * * *
Duvessa hits you with the +8 quick blade "Gimble" {protect}!
* * * LOW HITPOINT WARNING * * *
Duvessa hits you with the +8 quick blade "Gyre" {protect}.
You die...

..###.# #..≈≈≈~..# #.e...#
#.~≈≈≈...# ......# #..~≈~~~.#
..###.# ##.~.≈~...# ..# #.###
#..~~≈≈~..### ..#
#...#######....≈~~....# ..#
###....#..(..~~~~~.##.##### #.#
####...##e.~~~~~..#.....### #.###
##.###.@~~~≈~P.#........ ..(.###
#.......~≈≈~..#........ ##....###
###[..~≈≈≈≈≈~..........
####....######.~..≈≈~~...........
.# ##.....)###..P~≈≈~~...........
... ###.##.>....~≈≈≈)..##........
##.. #..###..P.~≈≈≈~..##........
#.# ##.# #..~~~≈≈≈~~.##........
..# #.###...≈≈≈~≈~~.##........


You could see Duvessa (fast).

Vanquished Creatures
  An orc warlord (Bailey)
  A two-headed ogre (D:8)
  A deep elf pyromancer (D:8)
  A kobold demonologist (D:7)
  Prince Ribbit (D:8)
  Grinder (D:6)
  Sigmund (D:6)
  Edmund (D:6)
  2 acid dragons (D:8)
  2 water moccasins (D:7)
  4 ice beasts
  5 orc warriors (Bailey)
  A black bear (D:6)
  2 centaurs
  2 phantoms
  3 kobold brigands
  Blork the orc (D:6)
  2 bullfrogs
  5 scorpions
  9 wights
  3 howler monkeys
  3 electric eels (D:7)
  5 hounds
  Crazy Yiuf (D:6)
  An orc priest (D:3)
  A gnoll bouda (D:8)
  An orc wizard (D:5)
  A sleepcap (D:6)
  Natasha (thrice) (D:2)
  2 iguanas
  8 gnolls
  9 adders
  A shadow imp (D:5)
  2 white imps (D:8)
  3 worms
  4 dart slugs
  7 orcs
  8 ball pythons
  2 bats
  5 endoplasms
  3 giant cockroaches
  5 goblins
  7 hobgoblins
  A jackal (Sewer)
  2 quokkas (D:4)
  4 frilled lizards
  23 kobolds
  11 rats
172 creatures vanquished.

Notes
Turn   | Place    | Note
-------+----------+-------------------------------------------
     0 | D:1      | Bnni the Tengu Air Elementalist began the quest for the
                  | Orb.
     0 | D:1      | Reached XP level 1. HP: 10/10 MP: 4/4
   298 | D:1      | Reached XP level 2. HP: 15/15 MP: 6/6
   617 | D:1      | Found a faded altar of an unknown god.
   893 | D:1      | Reached XP level 3. HP: 20/20 MP: 5/7
  1291 | D:2      | Reached skill level 1 in Fighting
  1865 | D:3      | Noticed Natasha
  1874 | D:2      | Killed Natasha
  1875 | D:2      | Reached skill level 5 in Air Magic
  1875 | D:2      | Reached XP level 4. HP: 16/25 MP: 6/8
  1976 | D:2      | Noticed Natasha
  1983 | D:2      | Killed Natasha
  2223 | D:2      | Noticed Natasha
  2227 | D:2      | Killed Natasha
  2228 | D:2      | Reached XP level 5. HP: 29/29 MP: 6/9
  2279 | D:3      | Found a sparkling altar of Nemelex Xobeh.
  2372 | D:3      | Learned a level 4 spell: Airstrike
  2376 | D:3      | Learned a level 3 spell: Swiftness
  2597 | D:3      | Found Koh Him's Book Emporium.
  3037 | D:4      | Found a glowing drain.
  3041 | Sewer    | Entered a sewer
  3046 | Sewer    | Reached XP level 6. HP: 35/35 MP: 9/11
  3152 | Sewer    | Reached skill level 6 in Air Magic
  3368 | Sewer    | Reached skill level 5 in Conjurations
  3529 | Sewer    | Found a white marble altar of Elyvilon.
  3604 | D:4      | Gained mutation: Your magical flight helps you evade
                  | attacks. (EV +4) [Tengu growth]
  3604 | D:4      | Reached XP level 7. HP: 40/40 MP: 8/12
  4335 | D:5      | Entered Level 5 of the Dungeon
  4506 | D:5      | Found a runed translucent gate.
  4563 | D:5      | Found a runed translucent gate.
  4564 | D:5      | Found a runed translucent gate.
  4567 | D:5      | Noticed Opifex's ghost (novice FoHu)
  4591 | D:5      | Reached skill level 7 in Air Magic
  4779 | D:5      | Found a staircase to the Ecumenical Temple.
  4784 | D:5      | You are sucked into a shaft and drop 3 floors!
  4940 | D:8      | Noticed a deep elf pyromancer
  4943 | D:8      | Noticed a fire elemental
  5097 | D:8      | Found a flagged portal.
  5103 | D:8      | Identified the +4 hand axe "Newt's Regret" {venom, Int+2}
  5108 | Bailey   | Entered a bailey
  5135 | Bailey   | Noticed an orc warlord
  5200 | Bailey   | Reached XP level 8. HP: 20/46 MP: 9/14
  5524 | Bailey   | Found a runed translucent gate.
  5526 | Bailey   | Found a runed translucent gate.
  5527 | Bailey   | Found a runed translucent gate.
  5533 | Bailey   | Reached skill level 8 in Air Magic
  5556 | Bailey   | HP: 2/46 [orc warrior/+0 war axe (9)]
  5808 | Bailey   | Killed an orc warlord
  5809 | Bailey   | Reached skill level 9 in Air Magic
  5809 | Bailey   | Reached XP level 9. HP: 52/52 MP: 0/16
  6244 | D:6      | Noticed Edmund
  6250 | D:6      | Killed Edmund
  6374 | D:6      | Noticed Blork the orc
  6382 | D:6      | Killed Blork the orc
  6383 | D:6      | Reached skill level 5 in Dodging
  6490 | D:6      | Found Xoegg's Weapon Shoppe.
  6538 | Temple   | Entered the Ecumenical Temple
  6542 | Temple   | Became a worshipper of Vehumet
  7106 | D:5      | Acquired the -2 hat of the Alchemist {rElec rPois rF+ rC+
                  | rN+ Will+ rMut rCorr}
  7106 | D:5      | Found the -2 hat of the Alchemist {rElec rPois rF+ rC+ rN+
                  | Will+ rMut rCorr}
  7146 | D:6      | Reached skill level 10 in Air Magic
  7150 | D:6      | Noticed Sigmund
  7154 | D:6      | Killed Sigmund
  7160 | D:6      | Noticed Grinder
  7446 | D:6      | Found a runed translucent door.
  7447 | D:6      | Noticed Crazy Yiuf
  7452 | D:6      | Killed Crazy Yiuf
  7453 | D:6      | Reached skill level 5 in Fighting
  7514 | D:6      | Killed Grinder
  7515 | D:6      | Reached skill level 5 in Spellcasting
  7695 | D:6      | Reached XP level 10. HP: 59/59 MP: 11/18
  7981 | D:7      | Noticed a kobold demonologist
  8036 | D:8      | Killed a deep elf pyromancer
  8037 | D:8      | Reached skill level 10 in Conjurations
  8283 | D:8      | Noticed Prince Ribbit
  8285 | D:8      | Killed Prince Ribbit
  8286 | D:8      | Reached skill level 11 in Air Magic
  8286 | D:8      | Noticed a two-headed ogre
  8327 | D:8      | Killed a two-headed ogre
  8475 | D:8      | Reached * piety under Vehumet
  8475 | D:8      | Offered knowledge of Freeze by Vehumet.
  9148 | D:8      | Found a glowing golden altar of the Shining One.
  9515 | D:7      | Noticed a rust devil
  9520 | D:7      | Killed a kobold demonologist
  9521 | D:7      | Reached skill level 1 in Armour
  9937 | D:7      | Found a shadowy altar of Dithmenos.
  9998 | D:7      | Reached skill level 12 in Air Magic
 10146 | D:7      | Noticed Dowan
 10150 | D:7      | Noticed Duvessa
 10186 | D:7      | HP: 1/60 [Duvessa/the +8 quick blade "Gimble" {protect}
                  | (11)]
 10186 | D:7      | Slain by Duvessa

Illustrated notes

Levels and vault maps discovered:
D:1:      eino_arrival_druids_welcome, layout_loops_corners,
          hellmonk_ecumenical_altar_defaced_shrine, serial_bayou,
          serial_bayou_lagoon_a, serial_bayou_ford_a, serial_bayou_crossing,
          serial_bayou_pond_c, minmay_fountain_box, minivault_4
D:2:      layout_basic, serial_glass, glass_columns_b, glass_columns_b,
          due_unseen_surprise, item_on_display_b, minmay_strange_pillars
D:3:      layout_rooms, lemuel_tele_altar, serial_shops, nicolae_shop_peninsula,
          uniq_natasha
D:4:      layout_loops_corners, gup_sewer_entry_bowl
D:5:      layout_loops_cross, minmay_temple_entry_sparse_star,
          ebering_ghost_rock_garden
D:6:      layout_loops_ring, serial_shops, nicolae_shop_scrapyard, uniq_sigmund,
          uniq_edmund, uniq_grinder, uniq_blork_the_orc, uniq_crazy_yiuf_cottage
D:7:      layout_rooms, nicolae_dithmenos_the_darkroom, chequers_big_river,
          minmay_misc_feat_diagonals, uniq_duvessa
D:8:      layout_basic, nicolae_tso_swordbearing_angel, enter_bailey_2,
          uniq_prince_ribbit1
Temple:   sentei_temple_godly_chess

Skill      XL: |  1  2  3  4  5  6  7  8  9 10 |
---------------+-------------------------------+-----
Conjurations   | 2 3 4 5 6 8 9 11 | 11.4
Fighting       | 1 2 3 4 5 6 |  6.1
Air Magic      | 5 6 7 9 10 12 | 12.0
Spellcasting   | 3 4 5 |  5.8
Dodging        | 3 4 5 6 |  6.7
Armour         | 1 |  1.8
Stealth        | |  2.0

Action                     |  1- 3 |  4- 6 |  7- 9 | 10-12 || total
---------------------------+-------+-------+-------+-------++-------
  Melee: Short sword       |    60 |    64 |    37 |       ||   161
         Kick              |    10 |    13 |    26 |    13 ||    62
         Peck              |     7 |    11 |    19 |     4 ||    41
         Punch             |       |     1 |       |       ||     1
         Falchion          |       |       |     5 |       ||     5
         Hand axe          |       |       |    66 |    38 ||   104
  Throw: Dart              |     1 |       |    21 |     9 ||    31
         Throwing net      |       |       |     1 |     2 ||     3
   Cast: Shock             |     8 |    41 |    91 |    26 ||   166
         Airstrike         |       |       |    18 |    43 ||    61
         Swiftness         |       |       |     3 |     1 ||     4
  Evoke: Wand              |       |       |       |     2 ||     2
         Phantom mirror    |       |       |       |     1 ||     1
    Use: Scroll            |       |       |     5 |       ||     5
         Potion            |       |       |     1 |     1 ||     2
   Stab: Sleeping          |     3 |     3 |     4 |       ||    10
         Distracted        |       |       |     1 |       ||     1
 Armour: Robe              |    13 |    29 |    52 |       ||    94
         Leather armour    |       |       |     6 |    41 ||    47
  Dodge: Dodged            |    26 |    39 |   132 |    54 ||   251

Table legend: (Time is in decaauts)
 A = Elapsed time spent in this place.
 B = Non-inter-level travel time spent in this place.
 C = Inter-level travel time spent in this place.
 D = Time resting spent in this place.
 E = Time spent auto-exploring this place.
 F = Levels seen in this place.
 G = Mean time per level.
                   A        B        C        D        E       F      G
               +--------+--------+--------+--------+--------+-----+--------+
         Total |  10295 |   9749 |    546 |   1755 |   6030 |  11 |  935.9 |
       Dungeon |   8822 |   8279 |    543 |   1268 |   5482 |   8 | 1102.8 |
        Temple |      8 |      5 |      3 |      0 |      0 |   1 |    8.0 |
         Sewer |    566 |    566 |      0 |    304 |    146 |   1 |  566.0 |
        Bailey |    898 |    898 |      0 |    183 |    402 |   1 |  898.0 |
               +--------+--------+--------+--------+--------+-----+--------+

Top non-repeatable levels by time:
     D:8: 1643 daAuts
     D:1: 1230 daAuts
     D:5: 1200 daAuts
     D:7: 1111 daAuts
     D:4: 1050 daAuts
     D:2: 1029 daAuts
     D:6: 1017 daAuts
  Bailey: 898 daAuts
   Sewer: 566 daAuts
     D:3: 539 daAuts
  Temple: 8 daAuts
